 Dungeon Crawl Stone Soup version 0.19-a0-36-g4a0968a (webtiles) character file.

18 M4edhros the Grave Robber (level 2, -1/17 HPs)
             Began as an Octopode Necromancer on May 3, 2016.
             Slain by a jackal (2 damage)
             ... on level 1 of the Dungeon.
             The game lasted 00:01:11 (201 turns).

M4edhros the Grave Robber (Octopode Necromancer)     Turns: 201, Time: 00:01:12

Health: -1/17      AC:  1    Str:  7    XL:     2   Next: 66%
Magic:  1/5        EV:  7    Int: 17    God:
Gold:   25         SH:  0    Dex: 12    Spells: 2 memorised, 3 levels left

rFire  . . .     SeeInvis .       - Unarmed
rCold  . . .     Gourm    .     (no shield)
rNeg   . . .     Faith    .     (helmet restricted)
rPois  .         Spirit   .     (no amulet)
rElec  .         Dismiss  .     (no ring)
rCorr  .         Reflect  .     (no ring)
SustAt .         Harm     .     (no ring)
MR     .....                    (no ring)
Stlth  +++.......               (no ring)
                                (no ring)
                                (no ring)
                                (no ring)

@: not resistant to hostile enchantments, fairly stealthy
A: almost no armour, amphibious, 8 rings, constrict 8, camouflage 1, gelatinous
body 1
a: no special abilities


You were on level 1 of the Dungeon.
You were not hungry.

You visited 1 branch of the dungeon, and saw 3 of its levels.

You collected 25 gold pieces.

Inventory:

Scrolls
 c - a scroll of enchant armour {unknown}
 e - a scroll of recharging {unknown}
 h - 2 scrolls of identify {unknown}
Potions
 d - a potion of haste {unknown}
 j - 2 potions of curing {unknown}
Books
 a - a book of Necromancy

   Spells                             Type                      Level
   a - Pain                           Necromancy                   1
   b - Animate Skeleton               Necromancy                   1
   c - Vampiric Draining              Necromancy                   3
   d - Regeneration                   Charms/Necromancy            3
   e - Animate Dead                   Necromancy                   4
   f - Control Undead                 Necromancy                   4
Comestibles
 b - 2 bread rations
 f - a slice of pizza
 g - 8 chunks of flesh
 i - a meat ration


   Skills:
 - Level 2.0 Dodging
 - Level 2.6 Stealth
 + Level 2.2 Unarmed Combat
 - Level 2.0 Spellcasting
 - Level 4.0 Necromancy


You had 3 spell levels left.
You knew the following spells:

 Your Spells              Type           Power        Failure   Level  Hunger
a - Pain                  Necr           ###.         3%          1    #......
b - Animate Skeleton      Necr           N/A          3%          1    #......


Dungeon Overview and Level Annotations

Branches:
Dungeon (3/15)

Altars:


Innate Abilities, Weirdness & Mutations

You cannot wear most types of armour.
You are amphibious.
You can wear up to eight rings at the same time.
You can use your tentacles to constrict eight enemies at once.
Your skin changes colour to match your surroundings (Stealth).
Your rubbery body absorbs attacks (AC +1).


Message History

4 jackals come into view.
Found 12 gold pieces, a fizzy emerald potion and a leather armour.
Found an escape hatch in the floor.
There is a stone staircase leading down here.
Casting: Pain
Confirm with . or Enter, or press ? or * to list all spells.
Aiming: Pain
Press: ? - help, Shift-Dir - straight line, f - jackal
Aim: a jackal (resting, chance to defeat MR: 92%)
The jackal barks!
The jackal convulses in agony!
Casting: Pain
Confirm with . or Enter, or press ? or * to list all spells.
Aiming: Pain
Press: ? - help, Shift-Dir - straight line, f/p - jackal
Aim: a jackal (moderately wounded, chance to defeat MR: 92%)
The jackal convulses in agony!
The jackal barks! x2
The jackal bites you.
You die...

.# .# #....# # ##
#####!...#.## #
...#....#... .. #
........$# #######.#
........# # #....# #
#.......+
####.##....#.##.......##
................@h.h....
.###.......#........h...
.# ##......####......h..
.# . ......# ##........
)#.# ......# #.>......
.#.######### #........
.....# #........ .###.#
#......[. .#


You could see 4 jackals.

Vanquished Creatures
  An ooze (D:1)
  A dart slug (D:1)
  A bat (D:1)
  A goblin (D:1)
  A hobgoblin (D:1)
  2 jackals (D:1)
  A kobold (D:2)
  4 rats
12 creatures vanquished.

Notes
Turn   | Place    | Note
--------------------------------------------------------------
     0 | D:1      | M4edhros the Octopode Necromancer began the quest for the Orb.
     0 | D:1      | Reached XP level 1. HP: 11/11 MP: 3/3
    32 | D:1      | Reached skill level 1 in Unarmed Combat
    57 | D:1      | Learned a level 1 spell: Animate Skeleton
    77 | D:1      | Reached XP level 2. HP: 11/17 MP: 1/5
   201 | D:1      | Slain by a jackal

Vault maps used:
D:1:      ncdulo_wetmaze
D:3:      uniq_natasha

Skill      XL: |  1  2 |
---------------+-------+-----
Unarmed Combat | 1 2 |  2.2
Dodging        | |  2.0
Stealth        | |  2.6
Spellcasting   | |  2.0
Necromancy     | |  4.0

Action                   || total
-------------------------++-------
Melee: Unarmed           ||    13
       Tentacles         ||     5
       Constrict         ||     4
 Cast: Pain              ||    14
       Animate Skeleton  ||     2
 Stab: Sleeping          ||     2
Dodge: Dodged            ||     2
